cohdb
Replays
Latest Replays
All Replays
Popular Replays
Top Player Replays
Match Explorer
How It Works
Community
CoH3 Stats
Reddit
Sign in to upload your games and track your stats! →
Sign in with Steam
Match 46996654
Unlisted
Match 46996654
Overview
Messages
Build Orders
End
Selects Armored Battlegroup
Selects Assault Engineers
Assault Engineer Squad
Construct Weapon Support Center
M1919 Machine Gun Team
M1919 Machine Gun Team
Assault Engineer Squad
Assault Engineer Squad
Assault Engineer Squad
Construct Medical Station
Mechanized Support Center
Bazooka Squad
Bazooka Squad
Improved M9 Bazooka Rockets
Selects Strength in Steel
Selects M31 Recovery Vehicle
Construct Tank Depot
Selects Seek and Destroy
Selects UNKNOWN (2160077)
M4A3E8 Sherman Easy Eight
M4A3E8 Sherman Easy Eight
M4A3E8 Sherman Easy Eight
Selects War Machine
Improvised Armor
Bazooka Squad
Rapid Repairs
Seek and Destroy
M4A3E8 Sherman Easy Eight
Pepe87
Farsurem
JT
孤冰月
Spaghettiumborn™
Valieriumborn's Daddy
Palistine IsReal lol
[82AD] PaulGMax
0
0
Comments
sign in to comment!
No comments posted yet!